[Event "Titled Tuesday Blitz June 20 Early 2023"]
[White "Oparin, Grigoriy"]
[Black "Vachier-Lagrave, Maxime"]
[WhiteFideId "24125890"]
[BlackFideId "623539"]
[WhiteElo "2647"]
[BlackElo "2739"]
[Result "1/2-1/2"]
[Round "10"]
[TimeControl "180+2"]
[Date "2023.06.20"]
[WhiteClock "0:01:13"]
[BlackClock "0:01:59"]
[Board "1"]

1. d4 Nf6 2. c4 g6 3. Nc3 d5 4. cxd5 Nxd5 5. e4 Nxc3 6. bxc3 Bg7 7. Bc4 c5 8. Ne2 Nc6 9. Be3 O-O 10. O-O b6 11. Bb5 Bd7 12. Rb1 Na5 13. Bxd7 Qxd7 14. dxc5 Qxd1 15. Rfxd1 Nc4 16. Bg5 f6 17. Rb4 Rfd8 18. Rxd8+ Rxd8 19. g3 bxc5 20. Rxc4 fxg5 21. Rxc5 Rd2 22. Nd4 Bxd4 23. cxd4 Rxd4 24. Ra5 Rxe4 25. Rxa7 Re1+ 26. Kg2 g4 1/2-1/2


[Site "https://www.chess.com"]

[Event "Titled Tuesday Blitz June 20 Early 2023"]
[White "Kamsky, Gata"]
[Black "Martinez Alcantara, Jose Eduardo"]
[WhiteFideId "2000024"]
[BlackFideId "3805662"]
[WhiteElo "2660"]
[BlackElo "2711"]
[Result "1-0"]
[Round "10"]
[TimeControl "180+2"]
[Date "2023.06.20"]
[WhiteClock "0:00:02"]
[BlackClock "0:00:04"]
[Board "2"]

1. d4 Nf6 2. Nf3 e6 3. Bf4 b6 4. e3 Bb7 5. h3 Be7 6. Nbd2 O-O 7. a4 a6 8. Bh2 d6 9. Bd3 Nbd7 10. O-O c5 11. c3 Qc7 12. Re1 Rfd8 13. Nc4 Ne4 14. Nfd2 Ndf6 15. Nxe4 Nxe4 16. Qb3 Bd5 17. Qxb6 Qd7 18. Qb3 Nd2 19. Qa2 cxd4 20. exd4 Qc6 21. b3 Nxb3 22. Qxb3 Rac8 23. Qc2 Bxc4 24. Bxh7+ Kf8 25. Be4 Bd5 26. Bxd5 Qxd5 27. Qd3 Qc4 28. Qh7 Bf6 29. Re3 Ke7 30. Qe4 Kd7 31. Bg3 Rc6 32. a5 Rb8 33. Rf3 Qd5 34. Qg4 Rbc8 35. Ra3 Rh8 36. Re3 Qb5 37. Kh2 Rhc8 38. Qf3 Qd5 39. Qxd5 exd5 40. Rb3 Bd8 41. Rf3 f6 42. Ra3 Rb8 43. Bf4 Rb5 44. h4 Ke6 45. Rg3 Kf7 46. h5 Rxa5 47. Rb3 Rb5 48. Ra3 a5 49. h6 gxh6 50. Bxh6 Ke6 51. Rg8 Kd7 52. Rg7+ Kc8 53. g4 Rb7 54. Rxb7 Kxb7 55. Kg3 Ka6 56. f4 Rc7 57. g5 fxg5 58. fxg5 Re7 59. Kf4 Re1 60. g6 Rf1+ 61. Kg4 Rg1+ 62. Kf5 Rf1+ 63. Kg4 Rg1+ 64. Kf5 Rf1+ 65. Ke6 Rf6+ 66. Kxd5 Rxg6 67. Bf4 Rf6 68. Bxd6 Bb6 69. Be5 Rf1 70. c4 Rb1 71. c5 Bd8 72. Kc6 Re1 73. Bd6 Rb1 74. d5 Rb4 75. Rf3 a4 76. Rf8 a3 77. Rxd8 Ka7 78. Be5 a2 79. Rd7+ Ka8 80. Rh7 a1=Q 81. Bxa1 Rb6+ 82. Kxb6 1-0


[Site "https://www.chess.com"]

[Event "Titled Tuesday Blitz June 20 Early 2023"]
[White "Kollars, Dmitrij"]
[Black "Pranav, V"]
[WhiteFideId "12909572"]
[BlackFideId "25060783"]
[WhiteElo "2584"]
[BlackElo "2533"]
[Result "0-1"]
[Round "10"]
[TimeControl "180+2"]
[Date "2023.06.20"]
[WhiteClock "0:00:04"]
[BlackClock "0:00:05"]
[Board "3"]

1. e4 e5 2. Nf3 Nc6 3. Bb5 a6 4. Ba4 Nf6 5. Nc3 Be7 6. O-O O-O 7. Bxc6 dxc6 8. d3 Nd7 9. h3 f6 10. Nh4 Re8 11. Nf5 Nf8 12. f4 exf4 13. Bxf4 Ng6 14. Be3 Bf8 15. Qg4 Be6 16. Ne2 Qc8 17. h4 Bxf5 18. Rxf5 Ne7 19. Rf4 Nd5 20. Qxc8 Raxc8 21. Rf3 Nxe3 22. Rxe3 Bc5 23. d4 Bd6 24. Kf2 Re7 25. Kf3 Rce8 26. g4 c5 27. d5 c4 28. Nd4 Bc5 29. Rd1 Re5 30. Re2 g6 31. Ne6 Bd6 32. Rd4 b5 33. b3 cxb3 34. cxb3 h5 35. b4 hxg4+ 36. Kxg4 Kf7 37. Rc2 Rh8 38. Nf4 g5 39. Nd3 Rxh4+ 40. Kf3 Re8 41. Rf2 Kg6 42. Ke3 Rh3+ 43. Kd2 Reh8 44. e5 fxe5 45. Re4 Rh2 46. Ke2 Rxf2+ 47. Nxf2 Kf5 48. Rg4 Rh4 49. Rg1 Rxb4 50. Ng4 Rxg4 0-1


[Site "https://www.chess.com"]

[Event "Titled Tuesday Blitz June 20 Early 2023"]
[White "Kramnik, Vladimir"]
[Black "Paravyan, David"]
[WhiteFideId "4101588"]
[BlackFideId "4194985"]
[WhiteElo "2703"]
[BlackElo "2563"]
[Result "1-0"]
[Round "10"]
[TimeControl "180+2"]
[Date "2023.06.20"]
[WhiteClock "0:00:02"]
[BlackClock "0:00:01"]
[Board "4"]

1. e4 e5 2. Nf3 Nf6 3. Nxe5 d6 4. Nf3 Nxe4 5. Nc3 Nxc3 6. dxc3 Be7 7. Bf4 O-O 8. Qd2 Nd7 9. O-O-O Nc5 10. h4 Re8 11. Ng5 h6 12. Bc4 hxg5 13. hxg5 Bxg5 14. Bxg5 Ne4 15. Bxd8 Nxd2 16. Rh8+ Kxh8 17. Bxf7 Re6 18. Kxd2 Rh6 19. Bg5 Rh2 20. Bf4 Rh4 21. Bg3 Rh6 22. Re1 Bf5 23. Re7 Rc8 24. Bd5 c6 25. Bf3 b5 26. Rxa7 Re6 27. a4 bxa4 28. Rxa4 g6 29. c4 Kg7 30. Ra7+ Kf8 31. Bf4 Rd8 32. Bh6+ Kg8 33. Bxc6 Be4 34. Bd5 Bxd5 35. cxd5 Re5 36. c4 Rb8 37. Kc3 Re2 38. b4 Rxf2 39. c5 dxc5 40. bxc5 Rf5 41. Kc4 Rb2 42. Rg7+ Kh8 43. Rd7 Rc2+ 44. Kb5 Rxg2 45. Kc6 Rc2 46. Bg7+ Kg8 47. Bd4 g5 48. d6 Kf8 49. Rd8+ Kf7 50. d7 Rd2 51. Be3 Rd3 52. Re8 g4 53. d8=Q Rxd8 54. Rxd8 Rf3 55. Bg1 Rf1 56. Bd4 Rd1 57. Rd5 g3 58. Rg5 Rxd4 59. Rxg3 Ke7 60. Rg7+ Kd8 61. Rg8+ Ke7 62. Rc8 Ra4 63. Kb6 Rb4+ 64. Kc7 Ra4 65. c6 Ra1 66. Rh8 Ra7+ 1-0


[Site "https://www.chess.com"]

[Event "Titled Tuesday Blitz June 20 Early 2023"]
[White "Grischuk, Alexander"]
[Black "Hakobyan, Aram"]
[WhiteFideId "4126025"]
[BlackFideId "13306677"]
[WhiteElo "2721"]
[BlackElo "2584"]
[Result "1-0"]
[Round "10"]
[TimeControl "180+2"]
[Date "2023.06.20"]
[WhiteClock "0:00:04"]
[BlackClock "0:00:00"]
[Board "5"]

1. Nf3 Nf6 2. g3 g6 3. c4 Bg7 4. Nc3 O-O 5. Bg2 d6 6. d4 Bf5 7. Nh4 Bc8 8. O-O a5 9. Nf3 Bf5 10. Nh4 Bc8 11. h3 Nc6 12. Nf3 Bd7 13. d5 Nb4 14. e4 e5 15. Be3 Na6 16. Ne1 Nc5 17. Nd3 b6 18. b3 Nh5 19. Nxc5 bxc5 20. a4 Qe8 21. Nb5 Rc8 22. Bd2 f5 23. Bxa5 f4 24. Kh2 Qe7 25. Qd3 Qf6 26. Nxc7 Qd8 27. b4 Rxc7 28. bxc5 Bc8 29. cxd6 Qxd6 30. Bxc7 Qxc7 31. d6 Qc5 32. d7 Bxd7 33. Qxd7 f3 34. Bh1 Qxc4 35. Qd5+ Qxd5 36. exd5 e4 37. Rad1 Bc3 38. d6 Rd8 39. Bxf3 exf3 40. Rd3 Be5 41. Rfd1 Nf6 42. Rxf3 Kf7 43. Re3 Bxd6 44. Red3 Ne8 45. Kg2 Ke7 46. a5 Ra8 47. Re3+ Kd7 48. Ra1 Nc7 49. Rf3 Ke7 50. Re1+ Kd8 51. Rf7 Rxa5 52. Rxh7 Ra2 53. Kf1 Bc5 54. Re2 Ra1+ 55. Kg2 Ra6 56. h4 Rf6 57. f4 Nd5 58. Kf3 Ra6 59. Rd2 Rd6 60. h5 gxh5 61. Rxh5 Nf6 62. Rxd6+ Bxd6 63. Rb5 Ke7 64. g4 Nd7 65. g5 Nc5 66. Kg4 Nd3 67. f5 Ne5+ 68. Kh5 Nd7 69. Rb7 Be5 70. Kg6 Kd6 71. f6 Ke6 72. Ra7 Nf8+ 73. Kg7 Nd7 74. Rxd7 Kxd7 75. Kf7 1-0


[Site "https://www.chess.com"]

[Event "Titled Tuesday Blitz June 20 Early 2023"]
[White "Carlsen, Magnus"]
[Black "Andreikin, Dmitry"]
[WhiteFideId "1503014"]
[BlackFideId "4158814"]
[WhiteElo "2858"]
[BlackElo "2736"]
[Result "1/2-1/2"]
[Round "10"]
[TimeControl "180+2"]
[Date "2023.06.20"]
[WhiteClock "0:00:14"]
[BlackClock "0:00:06"]
[Board "6"]

1. e4 c5 2. Nf3 g6 3. Bc4 Bg7 4. O-O Nc6 5. c3 d6 6. d4 cxd4 7. cxd4 Nf6 8. Nc3 O-O 9. Be2 Bg4 10. Be3 e5 11. d5 Bxf3 12. Bxf3 Nd4 13. Be2 Rc8 14. Bd3 Nd7 15. Qd2 a6 16. Rfc1 Qa5 17. Qd1 Nc5 18. Bf1 b5 19. f3 f5 20. exf5 Nxf5 21. Bd2 b4 22. Ne4 Nxe4 23. fxe4 Qb6+ 24. Kh1 Ne3 25. Bxe3 Qxe3 26. Rxc8 Rxc8 27. Bxa6 Rc5 28. Bd3 Bh6 29. g3 Kg7 30. Kg2 Bg5 31. h4 Bd8 32. Qf3 Qd2+ 33. Kh3 Rc1 34. Rxc1 Qxc1 35. Bb5 Qxb2 36. Be8 Bf6 37. g4 Qa3 38. Qxa3 bxa3 39. g5 Bd8 40. Kg4 Bb6 41. h5 Bc5 42. h6+ Kf8 43. Bd7 Be3 44. Be6 Bd2 45. Bc8 Bc1 46. Be6 Bd2 47. Bd7 Bc1 48. Be6 Bd2 1/2-1/2


[Site "https://www.chess.com"]

[Event "Titled Tuesday Blitz June 20 Early 2023"]
[White "Nakamura, Hikaru"]
[Black "Aravindh, Chithambaram VR."]
[WhiteFideId "2016192"]
[BlackFideId "5072786"]
[WhiteElo "2874"]
[BlackElo "2596"]
[Result "1-0"]
[Round "10"]
[TimeControl "180+2"]
[Date "2023.06.20"]
[WhiteClock "0:00:01"]
[BlackClock "0:00:00"]
[Board "7"]

1. Nf3 Nf6 2. b3 g6 3. Bb2 Bg7 4. d4 O-O 5. e3 c5 6. dxc5 Qa5+ 7. c3 Qxc5 8. Ba3 Qc7 9. Bxe7 Re8 10. Bxf6 Bxf6 11. Nd4 Nc6 12. Be2 Bxd4 13. exd4 d5 14. O-O Bf5 15. Bf3 Ne7 16. Qd2 Rac8 17. Rc1 Be4 18. Bxe4 dxe4 19. Na3 Nd5 20. c4 e3 21. fxe3 Nxe3 22. Re1 Ng4 23. g3 a6 24. c5 b5 25. Nc2 Qd7 26. Qf4 f5 27. Nb4 a5 28. Nd3 Nf6 29. Ne5 Qd5 30. Rad1 Rcd8 31. Qf1 Ne4 32. Qxb5 Nc3 33. Qc4 Nxd1 34. Rxd1 Kg7 35. Rc1 Qe4 36. Qf7+ Kh6 37. Qf6 Qe3+ 38. Kg2 Rxe5 39. dxe5 Rd2+ 40. Kh3 1-0


[Site "https://www.chess.com"]

[Event "Titled Tuesday Blitz June 20 Early 2023"]
[White "Jones, Gawain C B"]
[Black "Bluebaum, Matthias"]
[WhiteFideId "409561"]
[BlackFideId "24651516"]
[WhiteElo "2645"]
[BlackElo "2639"]
[Result "1-0"]
[Round "10"]
[TimeControl "180+2"]
[Date "2023.06.20"]
[WhiteClock "0:00:09"]
[BlackClock "0:00:16"]
[Board "8"]

1. Nf3 d5 2. c4 e6 3. b3 Nf6 4. Bb2 Bd6 5. g3 O-O 6. Bg2 Nc6 7. O-O d4 8. e3 e5 9. exd4 Nxd4 10. Nxd4 exd4 11. d3 Bg4 12. Bf3 Bh3 13. Re1 c5 14. Bxb7 Qd7 15. Bxa8 Rxa8 16. Qf3 Rb8 17. Nd2 Bg4 18. Qg2 Bh3 19. Qf3 Bg4 20. Qg2 Bh3 21. Qh1 Qf5 22. Qf3 Qg6 23. Ne4 Nxe4 24. Qxe4 Bf5 25. Qc6 h5 26. Ba3 Rb6 27. Re8+ Kh7 28. Qa8 Qg4 29. Rh8+ Kg6 30. Re1 Bxd3 31. Bc1 Ra6 32. Qb7 Rb6 33. Qxa7 Rc6 34. Qb7 Qf3 35. Rc8 Be4 36. Rxe4 Qxe4 37. Qxc6 Qe1+ 38. Kg2 f6 39. Qe8+ Qxe8 40. Rxe8 h4 41. a4 h3+ 42. Kxh3 d3 43. Bd2 Be5 44. Rxe5 fxe5 45. a5 Kf5 46. a6 Ke4 47. a7 Kf3 48. a8=Q+ Ke2 49. Be3 g5 50. Qe4 g4+ 51. Qxg4+ Kf1 52. Qd1# 1-0


[Site "https://www.chess.com"]

[Event "Titled Tuesday Blitz June 20 Early 2023"]
[White "Durarbayli, Vasif"]
[Black "Lazavik, Denis"]
[WhiteFideId "13402935"]
[BlackFideId "13515110"]
[WhiteElo "2551"]
[BlackElo "2560"]
[Result "1/2-1/2"]
[Round "10"]
[TimeControl "180+2"]
[Date "2023.06.20"]
[WhiteClock "0:00:09"]
[BlackClock "0:00:05"]
[Board "9"]

1. e4 c5 2. Nf3 e6 3. Nc3 Nc6 4. d4 cxd4 5. Nxd4 Qc7 6. Be3 a6 7. Qf3 Ne5 8. Qg3 h5 9. Bg5 h4 10. Bxh4 Rxh4 11. Qxh4 Ba3 12. Nce2 Bxb2 13. Rd1 Qa5+ 14. c3 Bxc3+ 15. Nxc3 Qxc3+ 16. Rd2 Nf6 17. f3 b5 18. Qg5 Ng6 19. h4 Nh7 20. Qg3 Qc1+ 21. Rd1 Qc3+ 22. Kf2 e5 23. Ne2 Qc5+ 24. Ke1 Kf8 25. Rc1 Qb4+ 26. Kf2 d6 27. h5 Ne7 28. Rc7 Qa5 29. Rxe7 Qb6+ 30. Ke1 Kxe7 31. Qxg7 Nf6 32. h6 Be6 33. h7 Nxh7 34. Rxh7 Rc8 35. Qg5+ Kd7 36. g3 Rc2 37. Bh3 Bxh3 38. Rxf7+ Kc6 39. Qe7 Qa5+ 40. Kf2 Qb6+ 41. Ke1 Qa5+ 42. Kf2 Qb6+ 43. Ke1 1/2-1/2


[Site "https://www.chess.com"]

[Event "Titled Tuesday Blitz June 20 Early 2023"]
[White "Puranik, Abhimanyu"]
[Black "Henriquez Villagra, Cristobal"]
[WhiteFideId "5061245"]
[BlackFideId "3409350"]
[WhiteElo "2460"]
[BlackElo "2542"]
[Result "1-0"]
[Round "10"]
[TimeControl "180+2"]
[Date "2023.06.20"]
[WhiteClock "0:01:15"]
[BlackClock "0:00:29"]
[Board "10"]

1. Nf3 d6 2. c4 Nf6 3. Nc3 g6 4. g3 Bg7 5. Bg2 O-O 6. O-O Nc6 7. d4 e5 8. h3 Bd7 9. Be3 a5 10. Rc1 Re8 11. Qd2 a4 12. Rfd1 Qc8 13. Kh2 Na5 14. Nd5 Ne4 15. Qc2 Bf5 16. g4 Nxf2 17. gxf5 Nxd1 18. Rxd1 Nc6 19. f6 Bf8 20. dxe5 dxe5 21. Ng5 Nd4 22. Bxd4 exd4 23. Rxd4 c6 24. Rh4 cxd5 25. Bxd5 Bd6+ 26. Kh1 Re6 27. Bxe6 fxe6 28. Rxh7 Qc6+ 29. e4 Ra5 30. f7+ 1-0


[Site "https://www.chess.com"]

[Event "Titled Tuesday Blitz June 20 Early 2023"]
[White "Gurel, Ediz"]
[Black "Donchenko, Alexander"]
[WhiteFideId "44507356"]
[BlackFideId "24603295"]
[WhiteElo "2352"]
[BlackElo "2554"]
[Result "1-0"]
[Round "10"]
[TimeControl "180+2"]
[Date "2023.06.20"]
[WhiteClock "0:01:04"]
[BlackClock "0:00:56"]
[Board "11"]

1. e4 c6 2. d4 d5 3. Nc3 dxe4 4. Nxe4 Bf5 5. Nc5 b6 6. Nb3 e6 7. Nf3 Nf6 8. g3 Be4 9. Bg2 c5 10. O-O cxd4 11. Nbxd4 Nc6 12. Nxc6 Qxd1 13. Rxd1 Bxc6 14. Ne5 Bxg2 15. Kxg2 Rc8 16. c3 Bc5 17. a4 a6 18. Rb1 h6 19. b4 Be7 20. c4 Ne4 21. Rb3 Bd6 22. Re1 f5 23. Ng6 Rg8 24. f3 Kf7 25. fxe4 Kxg6 26. exf5+ Kxf5 27. Rf3+ Kg4 28. h3+ Kh5 29. g4+ Kh4 30. Rxe6 Rxc4 31. Be3 Rc2+ 32. Bf2+ Rxf2+ 33. Rxf2 Bxb4 34. Rf5 g6 35. Rxg6 1-0


[Site "https://www.chess.com"]

[Event "Titled Tuesday Blitz June 20 Early 2023"]
[White "Makarian, Rudik"]
[Black "Ilamparthi A R"]
[WhiteFideId "44105681"]
[BlackFideId "45015775"]
[WhiteElo "2451"]
[BlackElo "2348"]
[Result "1-0"]
[Round "10"]
[TimeControl "180+2"]
[Date "2023.06.20"]
[WhiteClock "0:01:13"]
[BlackClock "0:00:07"]
[Board "12"]

1. d4 Nf6 2. c4 g6 3. Nc3 Bg7 4. e4 O-O 5. Be2 d6 6. Be3 e5 7. d5 Na6 8. g4 Nc5 9. f3 h5 10. h4 a5 11. g5 Ne8 12. Qd2 Bd7 13. Nh3 a4 14. Nf2 c6 15. Nd3 Nxd3+ 16. Bxd3 c5 17. a3 f5 18. exf5 gxf5 19. f4 Nc7 20. O-O e4 21. Be2 Be8 22. Qd1 Qd7 23. Bxh5 Bxc3 24. bxc3 Qh7 25. Be2 Qxh4 26. Kg2 Qh8 27. Qd2 Bh5 28. Rh1 Bf3+ 29. Bxf3 exf3+ 30. Kxf3 Qg7 31. Rh6 Rae8 32. Rah1 Re4 33. g6 Ne8 34. Rh8+ Qxh8 35. Rxh8+ Kxh8 36. Qh2+ Kg7 37. Qh7+ Kf6 38. Bf2 1-0


[Site "https://www.chess.com"]

[Event "Titled Tuesday Blitz June 20 Early 2023"]
[White "Lagarde, Maxime"]
[Black "Zhigalko, Sergei"]
[WhiteFideId "662399"]
[BlackFideId "13502956"]
[WhiteElo "2571"]
[BlackElo "2626"]
[Result "1/2-1/2"]
[Round "10"]
[TimeControl "180+2"]
[Date "2023.06.20"]
[WhiteClock "0:00:41"]
[BlackClock "0:00:03"]
[Board "13"]

1. d4 Nf6 2. Nf3 e6 3. Bg5 h6 4. Bxf6 Qxf6 5. e4 d5 6. Nbd2 Qd8 7. Bd3 Be7 8. e5 b6 9. Qe2 a5 10. c3 Ba6 11. O-O Bxd3 12. Qxd3 Qd7 13. Ne1 c5 14. Nc2 Nc6 15. f4 g6 16. a4 h5 17. Kh1 Rb8 18. Nb1 c4 19. Qd1 b5 20. axb5 Rxb5 21. Ra2 O-O 22. Ne3 Rfb8 23. Rf2 R8b6 24. g4 hxg4 25. Qxg4 Qb7 26. f5 Rxb2 27. Raxb2 Rxb2 28. Nd2 exf5 29. Nxf5 Bf8 30. e6 Rxd2 31. exf7+ Qxf7 32. Nh6+ Bxh6 33. Rxf7 Kxf7 34. Qf3+ Kg7 35. Qxd5 Ne7 36. Qe6 Bg5 37. Qe5+ Bf6 38. Qxa5 Nf5 39. Qc7+ Kh6 40. Qf4+ Bg5 41. Qe5 Kh7 42. Qc7+ Kh6 43. Qe5 Kh5 44. Qe4 Nh4 45. Kg1 Rg2+ 46. Kf1 Rxh2 47. d5 Rh3 48. Qxc4 Rf3+ 49. Ke2 Re3+ 50. Kd1 Nf5 51. Qc5 Bf6 52. c4 Rd3+ 53. Ke2 Re3+ 54. Kd1 Rd3+ 55. Ke2 Re3+ 56. Kd1 1/2-1/2


[Site "https://www.chess.com"]

[Event "Titled Tuesday Blitz June 20 Early 2023"]
[White "Gadimbayli, Abdulla"]
[Black "Gordievsky, Dmitry"]
[WhiteFideId "13404938"]
[BlackFideId "24112798"]
[WhiteElo "2386"]
[BlackElo "2546"]
[Result "0-1"]
[Round "10"]
[TimeControl "180+2"]
[Date "2023.06.20"]
[WhiteClock "0:00:04"]
[BlackClock "0:00:12"]
[Board "14"]

1. e4 c5 2. Nf3 e6 3. d4 cxd4 4. Nxd4 Nf6 5. Nc3 Nc6 6. Nxc6 bxc6 7. e5 Nd5 8. Ne4 Qc7 9. f4 Qb6 10. c4 Bb4+ 11. Ke2 f5 12. exf6 Nxf6 13. Be3 Qd8 14. Nd6+ Bxd6 15. Qxd6 Bb7 16. Rd1 Rc8 17. g4 c5 18. Rg1 Qb6 19. b3 Qxd6 20. Rxd6 Ne4 21. Rd3 d5 22. Bg2 d4 23. Bd2 O-O 24. Bxe4 Bxe4 25. Rh3 e5 26. fxe5 Rce8 27. Re1 Rxe5 28. Kd1 Bf3+ 29. Kc1 Rxe1+ 30. Bxe1 Bxg4 31. Rg3 Bf5 32. Rf3 g6 33. Bg3 Re8 34. Kd2 Re6 35. Rf2 Kf7 36. Re2 Rxe2+ 37. Kxe2 Ke6 38. Kd2 Bb1 39. Kc1 Bxa2 40. Kb2 Bxb3 41. Kxb3 g5 42. Bb8 a6 43. Ba7 Kd6 44. Bb8+ Kd7 45. Ba7 Kc6 46. Bb8 h5 47. Be5 Kd7 48. Bf6 g4 49. Be5 Ke6 50. Bb8 h4 51. Kc2 a5 52. Kb3 Kf5 53. Bd6 Ke4 54. Kc2 a4 55. Kb2 Kd3 56. Ka3 Kxc4 57. Kxa4 d3 58. Bf4 g3 59. hxg3 hxg3 0-1


[Site "https://www.chess.com"]

[Event "Titled Tuesday Blitz June 20 Early 2023"]
[White "Mikhailovsky, Vladimir"]
[Black "Narayanan.S.L"]
[WhiteFideId "34105414"]
[BlackFideId "5058422"]
[WhiteElo "2244"]
[BlackElo "2563"]
[Result "0-1"]
[Round "10"]
[TimeControl "180+2"]
[Date "2023.06.20"]
[WhiteClock "0:00:00"]
[BlackClock "0:01:53"]
[Board "15"]

1. e4 g6 2. d4 Bg7 3. Nf3 a6 4. a4 b6 5. Bc4 e6 6. Qe2 h6 7. O-O Bb7 8. Re1 Ne7 9. Nbd2 d6 10. Nf1 Nd7 11. Ng3 O-O 12. h4 c5 13. Be3 d5 14. exd5 Nxd5 15. Rad1 Qc7 16. dxc5 Nxc5 17. Bxd5 Bxd5 18. b3 Rad8 19. h5 g5 20. Bxc5 Qxc5 21. Ne4 Bxe4 22. Qxe4 b5 23. axb5 axb5 24. c4 bxc4 25. bxc4 Rc8 26. Rc1 Rfd8 27. Ne5 Bxe5 28. Qxe5 Qxe5 29. Rxe5 Rd4 30. c5 Rc6 31. g3 Kg7 32. Re3 Rd5 33. Rec3 f5 34. Kg2 g4 35. Rc4 Kf6 36. R1c2 Kg5 37. Re2 Kxh5 38. Rc1 Kg5 39. Rec2 h5 40. Rc3 h4 41. gxh4+ Kxh4 42. Rc4 Kg5 43. Kg3 Rd3+ 44. Kg2 Kf6 45. R4c2 Ke5 46. Re2+ Kd5 47. Rce1 Rxc5 48. Re5+ Kd4 49. Rxc5 Kxc5 50. Rxe6 Kd5 51. Re8 Rf3 52. Re7 Rf4 53. Kg3 Rf3+ 54. Kg2 Kd6 55. Re8 Rh3 56. Re1 Kd5 57. Re8 f4 58. Rg8 f3+ 59. Kg1 Rh4 60. Rd8+ Ke6 61. Re8+ Kf7 62. Ra8 Rh5 63. Ra7+ Kg6 64. Ra6+ Kg5 65. Ra5+ Kh4 66. Ra4 Rc5 67. Ra1 Rc2 0-1


[Site "https://www.chess.com"]

[Event "Titled Tuesday Blitz June 20 Early 2023"]
[White "Lorparizangeneh, Shahin"]
[Black "Makhnev, Denis"]
[WhiteFideId "12521604"]
[BlackFideId "13707647"]
[WhiteElo "2526"]
[BlackElo "2515"]
[Result "0-1"]
[Round "10"]
[TimeControl "180+2"]
[Date "2023.06.20"]
[WhiteClock "0:00:02"]
[BlackClock "0:00:04"]
[Board "16"]

1. e4 e5 2. Nf3 Nc6 3. Bb5 a6 4. Ba4 Nf6 5. O-O Be7 6. d3 b5 7. Bb3 O-O 8. a3 Bb7 9. Nc3 Nd4 10. Ba2 d6 11. Nxd4 exd4 12. Ne2 c5 13. Ng3 d5 14. e5 Nd7 15. Bf4 f5 16. exf6 Rxf6 17. Qg4 Rg6 18. Qf5 Nb6 19. Rae1 Bf8 20. Be5 Bc8 21. Qh5 Bg4 22. Bc7 Qxc7 23. Bxd5+ Kh8 24. Qe5 Qxe5 25. Rxe5 Rd8 26. Be4 Rf6 27. Rg5 Be6 28. Nh5 Rf7 29. f4 g6 30. Ng3 Bd6 31. f5 gxf5 32. Nxf5 Rdf8 33. g4 Nd5 34. Bxd5 Bxd5 35. Re1 Bf4 36. Rh5 Bf3 37. h3 a5 38. Nh4 Be3+ 39. Kh2 Kg8 40. Rxc5 Bf2 41. Nxf3 Rxf3 42. Re7 Bh4 43. Re2 b4 44. Rxa5 Rf2+ 45. Rxf2 Rxf2+ 46. Kg1 Rxc2 47. axb4 Rxb2 48. b5 Bf2+ 49. Kg2 Be3+ 50. Kf3 Kg7 51. Ke4 Kg6 52. Kd5 Kg5 53. Kc6 Kh4 54. b6 Kxh3 55. Rh5+ Kxg4 56. Rxh7 Kf3 57. b7 Ke2 58. Rh8 Bf4 59. Rf8 Ke3 60. Rf7 Rb3 61. Rf8 Rc3+ 62. Kd5 Rb3 63. Kc6 Bg3 64. Rg8 Bh2 65. Rh8 Be5 66. Re8 Kf4 67. Rf8+ Kg5 68. Re8 Kf5 69. Rf8+ Kg4 70. Re8 Kf4 71. Rf8+ Kg3 72. Re8 Bf4 73. Rd8 Rb4 74. Rd7 Kf3 75. Kc5 Rb2 76. Kc6 Ke3 77. Rf7 Bg3 78. Rg7 Bh2 79. Rh7 Bg3 80. Rg7 Be5 81. Re7 Kf4 82. Re8 Kf5 83. Rf8+ Ke6 84. Re8+ Kf6 85. Kd5 Rxb7 86. Rf8+ Ke7 87. Rh8 Bxh8 0-1


[Site "https://www.chess.com"]

[Event "Titled Tuesday Blitz June 20 Early 2023"]
[White "Vakhlamov, Igor L."]
[Black "Indjic, Aleksandar"]
[WhiteFideId "24126748"]
[BlackFideId "911925"]
[WhiteElo "2407"]
[BlackElo "2614"]
[Result "0-1"]
[Round "10"]
[TimeControl "180+2"]
[Date "2023.06.20"]
[WhiteClock "0:00:04"]
[BlackClock "0:01:12"]
[Board "17"]

1. e4 e5 2. Nf3 Nc6 3. Nc3 Nf6 4. Bb5 Bd6 5. a3 a6 6. Bc4 O-O 7. d3 Bc5 8. Be3 Bxe3 9. fxe3 d6 10. O-O Be6 11. Nd5 Bxd5 12. exd5 Ne7 13. e4 Ng6 14. Qd2 c6 15. dxc6 bxc6 16. Kh1 a5 17. a4 d5 18. exd5 cxd5 19. Bb3 Qd6 20. Rae1 Rfe8 21. Qf2 h6 22. Nh4 Nxh4 23. Qxh4 Rab8 24. h3 Re6 25. Rf5 Nd7 26. Ref1 f6 27. d4 Rb4 28. dxe5 Nxe5 29. Qg3 Nc4 30. Qxd6 Rxd6 31. R5f4 Nd2 32. Rxb4 axb4 33. Rd1 Nxb3 34. cxb3 d4 35. Kg1 Kf7 36. Kf2 Ke6 37. Rc1 Kd5 38. Ke2 Re6+ 39. Kd2 Re3 40. Rc7 Rg3 41. Rd7+ Kc5 42. Rc7+ Kb6 43. Rc4 Rxg2+ 44. Kc1 Rg3 45. Rxb4+ Kc5 46. Rb5+ Kc6 47. Rb4 Kd5 48. a5 Ke4 49. a6 Rg1+ 50. Kd2 Rg2+ 51. Kc1 Ke3 52. a7 Rg1+ 53. Kc2 d3+ 54. Kc3 Rc1# 0-1


[Site "https://www.chess.com"]

[Event "Titled Tuesday Blitz June 20 Early 2023"]
[White "Pap, Gyula"]
[Black "Sattarov, Bobir"]
[WhiteFideId "725323"]
[BlackFideId "14203081"]
[WhiteElo "2519"]
[BlackElo "2351"]
[Result "1-0"]
[Round "10"]
[TimeControl "180+2"]
[Date "2023.06.20"]
[WhiteClock "0:01:46"]
[BlackClock "0:01:01"]
[Board "18"]

1. d4 Nf6 2. c4 e6 3. Nc3 Bb4 4. Qb3 c5 5. dxc5 Na6 6. a3 Bxc3+ 7. Qxc3 Nxc5 8. b4 Nce4 9. Qb2 b6 10. f3 Nd6 11. e4 Nb7 12. Bd3 d6 13. Ne2 e5 14. Bg5 h6 15. Bh4 Be6 16. O-O O-O 17. f4 Qc7 18. Bxf6 gxf6 19. Rac1 a5 20. Qd2 Kg7 21. Ng3 Qe7 22. Nh5+ Kh7 23. fxe5 fxe5 24. Rf6 1-0


[Site "https://www.chess.com"]

[Event "Titled Tuesday Blitz June 20 Early 2023"]
[White "Priasmoro, Novendra"]
[Black "Bacrot, Etienne"]
[WhiteFideId "7105029"]
[BlackFideId "605506"]
[WhiteElo "2412"]
[BlackElo "2672"]
[Result "0-1"]
[Round "10"]
[TimeControl "180+2"]
[Date "2023.06.20"]
[WhiteClock "0:00:00"]
[BlackClock "0:00:06"]
[Board "19"]

1. e4 c5 2. Nf3 d6 3. d4 cxd4 4. Nxd4 Nf6 5. Nc3 Nc6 6. Bg5 e6 7. Qd2 a6 8. O-O-O Bd7 9. f4 Be7 10. Nf3 b5 11. Bxf6 gxf6 12. f5 Qa5 13. Kb1 h5 14. Qe3 Rc8 15. g3 b4 16. Ne2 Qc5 17. Qxc5 dxc5 18. Nf4 exf5 19. exf5 Bxf5 20. Bxa6 Rb8 21. Bd3 Bg4 22. Be4 Ne5 23. Rdf1 Nc4 24. Rf2 Rd8 25. Kc1 Kf8 26. Nh4 Bd6 27. h3 Bc8 28. b3 Na3 29. Bd3 Be5 30. Rhf1 Bd4 31. Re2 Kg7 32. Nf3 Bc3 33. Nh4 Rde8 34. Nxh5+ Kh6 35. Nf4 Rxe2 36. Nxe2 Be5 37. g4 Kg7 38. Nf5+ Bxf5 39. Bxf5 Rxh3 40. Bd3 Rh2 41. Nf4 Bd4 42. Nh5+ Kh6 43. Nxf6 Be3+ 44. Kb2 Bd4+ 45. Kc1 Be3+ 46. Kd1 Rd2+ 47. Ke1 Nxc2+ 48. Bxc2 Rxc2 49. Nd5 Bd4 50. Rxf7 Rxa2 51. Rf5 Rb2 52. Rh5+ Kg6 53. Nf4+ Kf7 54. g5 Rxb3 55. g6+ Kg7 56. Rh7+ Kg8 57. Nd5 Rg3 58. Ne7+ Kf8 59. Rf7+ Ke8 60. Rh7 Re3+ 61. Kd2 Rxe7 0-1


[Site "https://www.chess.com"]

[Event "Titled Tuesday Blitz June 20 Early 2023"]
[White "Chigaev, Maksim"]
[Black "Drozdowski, Kacper"]
[WhiteFideId "4108116"]
[BlackFideId "1136720"]
[WhiteElo "2561"]
[BlackElo "2497"]
[Result "1/2-1/2"]
[Round "10"]
[TimeControl "180+2"]
[Date "2023.06.20"]
[WhiteClock "0:00:06"]
[BlackClock "0:00:07"]
[Board "20"]

1. e4 c5 2. Nf3 e6 3. b3 b6 4. Bb2 Bb7 5. Nc3 d6 6. d4 cxd4 7. Qxd4 Nc6 8. Bb5 a6 9. Bxc6+ Bxc6 10. O-O-O Qc7 11. Rhe1 b5 12. Nd5 Qb7 13. Kb1 Rd8 14. Nb4 Bd7 15. Qe3 Nf6 16. Nd3 e5 17. Ndxe5 dxe5 18. Nxe5 Be7 19. g4 Be6 20. g5 Rxd1+ 21. Rxd1 Ng4 22. Qg3 Nxe5 23. Qxe5 Rg8 24. f4 Bc8 25. h4 Qc6 26. f5 f6 27. Qg3 Kf8 28. g6 hxg6 29. fxg6 Qe8 30. h5 Rh8 31. Qf3 Be6 32. e5 f5 33. a3 Qc8 34. Rd6 Bxd6 35. exd6 Kg8 36. Qe2 Qd7 37. Qd1 f4 38. Be5 f3 39. Qxf3 Qe8 40. Qb7 Bd7 41. Qd5+ Qe6 42. Qa8+ Qe8 43. Qd5+ Qe6 44. Qa8+ Qe8 45. Qd5+ 1/2-1/2


[Site "https://www.chess.com"]